 Dungeon Crawl Stone Soup version 0.29.1-1-gd02db6906a (webtiles) character file.

Game seed: 16640686861545955703

119 Groucho the Sneak (level 5, -1/35 HPs)
             Began as a Human Wanderer on Sept 28, 2022.
             Killed from afar by an orc wizard (8 damage)
             ... with a puff of flame
             ... on level 3 of the Dungeon on Oct 4, 2022.
             The game lasted 00:08:54 (3518 turns).

Groucho the Sneak (Human Wanderer)                  Turns: 3518, Time: 00:08:55

Health: -1/35      AC:  9    Str: 18    XL:     5   Next: 23%
Magic:  5/5        EV: 11    Int: 10    God:
Gold:   106        SH:  0    Dex: 11    Spells: 4/4 levels left

rFire   . . .      SeeInvis .   a - +2 spear
rCold   . . .      Faith    .   (no shield)
rNeg    . . .      Spirit   .   s - +0 ring mail "Nipekk" {Rampage}
rPois   .          Reflect  .   u - +0 helmet
rElec   .          Harm     .   v - +0 cloak
rCorr   .          Rampage  +   j - +0 pair of gloves
Will    .....                   c - +0 pair of boots
Stlth   ++........              (no amulet)
HPRegen 0.11/turn               (no ring)
MPRegen 0.09/turn               (no ring)

@: no status effects
A: no striking features
a: no special abilities


You were on level 3 of the Dungeon.
You visited 1 branch of the dungeon, and saw 3 of its levels.

You collected 106 gold pieces.

Inventory:

Hand Weapons
 a - a +2 spear (weapon)
 g - a +0 short sword of venom
 o - a +0 rapier
Missiles
 f - 18 stones (quivered)
Armour
 c - a +0 pair of boots (worn)
 j - a +0 pair of gloves (worn)
 s - the +0 ring mail "Nipekk" (worn) {Rampage}
   (You found it on level 3 of the Dungeon)

   Rampage:   It bestows one free step when moving towards enemies.
 u - a +0 helmet (worn)
 v - a +0 cloak (worn)
Jewellery
 x - a ring of magical power
Scrolls
 b - 2 scrolls of butterflies
 d - 5 scrolls of fear
 h - 3 scrolls of poison {unknown}
 i - a scroll of noise {unknown}
 k - 2 scrolls of identify {unknown}
 l - a scroll of enchant armour {unknown}
 q - a scroll of enchant weapon {unknown}
 w - a scroll of vulnerability {unknown}
Potions
 e - a potion of haste {unknown}
 m - 2 potions of lignification {unknown}
 n - 2 potions of mutation {unknown}
 p - a potion of brilliance {unknown}
 r - a potion of flight {unknown}
 t - a potion of invisibility {unknown}
 z - a potion of curing {unknown}


   Skills:
 + Level 0.2 Fighting
 - Level 4.0 Polearms
 + Level 1.1 Armour
 + Level 2.0 Dodging
 + Level 5.3 Stealth
 - Level 1.0 Invocations


You had 4 spell levels left.
You didn't know any spells.
Your spell library contained the following spells:

 Spells                   Type           Power      Damage    Failure   Level
 Apportation              Tloc           0%         N/A       56%         1
 Magic Dart               Conj           0%         1d3       56%         1
 Necrotise                Necr           0%         1d4       56%         1
 Summon Small Mammal      Summ           0%         N/A       56%         1
 Scorch                   Fire           0%         2d5       71%         2
 Searing Ray              Conj           0%         2d4       71%         2
 Static Discharge         Conj/Air       0%         3-3/arc   71%         2
 Dispel Undead            Necr           0%         3d6       100%        4
 Flame Wave               Conj/Fire      0%         2d4       100%        4
 Fulminant Prism          Conj/Hex       0%         3d6       100%        4
 Sticky Flame             Conj/Fire      0%         2d3       100%        4
 Summon Cactus Giant      Summ           0%         N/A       100%        6


Dungeon Overview and Level Annotations

Branches:
Dungeon (3/15)

Altars:

Annotations:
D:3 Robin


Message History

You rampage towards the orc!
A ball python comes into view.
The kobold shouts!
The orc shouts!
The orc hits you with a +0 trident.
An orc comes into view. It is wielding a +0 war axe.
The orc wizard shouts!
The ball python hisses angrily.
You hear a shout!
You closely miss the orc. You hit the orc but do no damage.
The orc wizard gestures at you while chanting.
You resist with some effort.
You barely miss the orc. The orc hits you with a +0 trident.
You hit the orc but do no damage.
The orc wizard points at you and mumbles some strange words.
The magic dart hits you. The orc wizard misses you.
An orc wizard comes into view. It is wielding a +0 dagger.
The orc hits you but does no damage. The orc closely misses you.
You hit the orc.
The orc is moderately wounded.
The orc wizard hits you with a +0 dagger.
The orc closely misses you.
The orc wizard gestures at you while chanting.
The magic dart hits you. The orc hits you with a +0 war axe.
The ball python bites you. The ball python completely misses you.
You hit the orc.
The orc is heavily wounded.
The orc misses you.
The orc wizard hits you but does no damage.
The orc wizard casts a spell.
The orc wizard flickers and vanishes!
Deactivating autopickup; reactivate with Ctrl-A.
The orc wizard barely misses you. The orc barely misses you.
The ball python bites you but does no damage.
The ball python barely misses you.
You hit the orc.
You kill the orc!
The orc hits you with a +0 trident.
* * * LOW HITPOINT WARNING * * *
The orc wizard casts a spell at you. The puff of flame hits you!
You die...

.#
#.........#
.#
#.#######.###
#.# #...# #.#
#.#.# #.#
#.#.# #.# #.#
# #.# #.# #
#. ##)#.#
#{@o.#
#.Soo.#
#..K.##
#.#.## .....
..)..#
###.###


You could see 2 orc wizards, an orc, a ball python and a kobold.

Vanquished Creatures
  A gnoll (D:1)
  2 adders
  A worm (D:3)
  2 dart slugs
  2 orcs (D:3)
  8 ball pythons
  6 endoplasms
  2 giant cockroaches
  11 goblins
  5 hobgoblins (D:1)
  15 jackals
  3 quokkas
  7 bats
  2 frilled lizards
  2 kobolds
  2 rats (D:1)
71 creatures vanquished.

Notes
Turn   | Place    | Note
-------+----------+-------------------------------------------
     0 | D:1      | Groucho the Human Wanderer began the quest for the Orb.
     0 | D:1      | Groucho set off with the following items: a +2 spear, a
                  | scroll of butterflies, a +0 pair of boots, a scroll of
                  | fear, a +0 leather armour.
     0 | D:1      | Reached XP level 1. HP: 13/13 MP: 1/1
    76 | D:1      | Reached XP level 2. HP: 17/19 MP: 2/2
    82 | D:1      | Reached skill level 3 in Stealth
   181 | D:1      | Reached XP level 3. HP: 19/24 MP: 3/3
   435 | D:1      | Reached skill level 4 in Stealth
  1069 | D:1      | Reached XP level 4. HP: 15/30 MP: 4/4
  1676 | D:1      | Found a faded altar of an unknown god.
  2844 | D:3      | Reached skill level 5 in Stealth
  2860 | D:3      | Identified the +0 ring mail "Nipekk" {Rampage}
  2917 | D:3      | Reached XP level 5. HP: 26/35 MP: 5/5
  3188 | D:3      | Noticed Robin
  3518 | D:3      | Killed from afar by an orc wizard

Illustrated notes

Levels and vault maps discovered:
D:1:      minmay_arrival_three_doors, layout_basic,
          hellmonk_ecumenical_altar_inner_sanctum
D:2:      layout_basic
D:3:      layout_loops_ring, lightli_sewer_entry_pipes, uniq_crazy_yiuf_cottage,
          uniq_robin

Skill      XL: |  1  2  3  4 |
---------------+-------------+-----
Stealth        | 3 4 5 |  5.3
Fighting       | |  0.2
Polearms       | |  4.0
Armour         | |  1.1
Dodging        | |  2.0
Invocations    | |  1.0

Action                   |  1- 3 |  4- 6 || total
-------------------------+-------+-------++-------
Melee: Spear             |   105 |   163 ||   268
       Punch             |     1 |     1 ||     2
 Stab: Sleeping          |     1 |     7 ||     8
Armor: Leather armour    |    37 |    35 ||    72
       Ring mail         |       |    40 ||    40
Dodge: Dodged            |    48 |    95 ||   143
